 Dungeon Crawl Stone Soup version 0.31.0-32-g396128a36d (webtiles) character file.

Game seed: 16509298292896193569

8407 PaiMei the Dealer of Despair (level 11, -13/70 (87) HPs)
             Began as a Demonspawn Necromancer on Mar 12, 2024.
             Was an Elder of Kikubaaqudgha.
             Killed from afar by Josephine (34 damage)
             ... with a ghostly fireball
             ... on level 9 of the Dungeon.
             The game lasted 00:18:52 (11454 turns).

PaiMei the Dealer of Despair (DsNe)                Turns: 11454, Time: 00:18:52

HP:   -13/70 (87)   AC: 10    Str: 15    XL:     11   Next: 9%
MP:   32/32         EV: 15    Int: 20    God:    Kikubaaqudgha [****..]
Gold: 503           SH:  0    Dex: 13    Spells: 12/26 levels left

rFire   + . .        I - +1 hand axe (elec)
rCold   . . .        (no shield)
rNeg    . . .        z - +2 leather armour {rF+}
rPois   .            Q - +0 helmet
rElec   .            (no cloak)
rCorr   .            o - +0 pair of gloves
SInv    .            (no boots)
Will    .....        (no amulet)
Stlth   ++           H - +6 ring of strength
HPRegen 0.31/turn    L - ring of magical power
MPRegen 0.46/turn

%: no passive effects
@: brilliant, attractive, heavily drained, invisible
A: slimy green scales 2, magic regeneration, demonic magic 2, weakness stinger 2
a: Renounce Religion, Unearth Wretches


You were on level 9 of the Dungeon.
You worshipped Kikubaaqudgha.
Kikubaaqudgha was greatly pleased with you.
You visited 2 branches of the dungeon, and saw 11 of its levels.
You also visited: Ossuary.

You collected 503 gold pieces.

Inventory:

Hand Weapons
 g - a +5 long sword
 I - a +1 hand axe of electrocution (weapon)
 P - a +5 halberd
Missiles
 d - 14 poisoned darts
Armour
 a - a +1 robe of willpower
 o - a +0 pair of gloves (worn)
 v - a +4 scale mail of fire resistance
 z - a +2 leather armour of fire resistance (worn)
 K - the +0 leather armour of Nedwaq {Will+ Dex+4}
   (You found it on level 6 of the Dungeon)

   Dex+4:     It affects your dexterity (+4).
   Will+:     It increases your willpower.
 O - a +2 kite shield
 Q - a +0 helmet (worn)
Jewellery
 t - a ring of flight
 H - a +6 ring of strength (left hand)
 L - a ring of magical power (right hand)
 N - an amulet of faith
Wands
 n - a wand of flame (16)
 r - a wand of polymorph (7)
 s - a wand of acid (6)
 y - a wand of iceblast (2)
Scrolls
 c - 3 scrolls of teleportation
 i - 2 scrolls of torment {unknown}
 q - 3 scrolls of enchant armour
 w - 3 scrolls of immolation {unknown}
 A - a scroll of enchant weapon {unknown}
 B - 4 scrolls of blinking {unknown}
 D - 3 scrolls of revelation {unknown}
 F - 3 scrolls of noise
 G - a scroll of fear {unknown}
 J - a scroll of silence {unknown}
 M - a scroll of poison {unknown}
 R - a scroll of fog {unknown}
Potions
 b - 2 potions of magic
 e - 8 potions of haste
 h - 4 potions of mutation
 j - 5 potions of lignification
 l - a potion of invisibility
 m - a potion of heal wounds {unknown}
 p - 2 potions of ambrosia
 u - 2 potions of curing
 x - a potion of enlightenment {unknown}
 E - 2 potions of attraction


   Skills:
 + Level 8.5 Fighting
 + Level 8.1 Dodging
 - Level 2.0 Stealth
 + Level 8.2 Spellcasting
 + Level 10.5 Necromancy


You had 12 spell levels left.
You knew the following spells:

 Your Spells              Type           Power      Damage    Failure   Level
a - Necrotise             Necr           100%       1d9       1%          1
b - Vampiric Draining     Necr           66%        2d10      1%          3
c - Animate Dead          Necr           66%        N/A       1%          4
d - Dispel Undead         Necr           66%        3d23      1%          4
e - Sublimation of Blood  Necr           66%        N/A       1%          2

Your spell library contained the following spells:

 Spells                   Type           Power      Damage    Failure   Level
 Kiss of Death            Conj/Necr      100%       2d13      1%          1
 Cigotuvi's Dreadful Rot  Necr/Alch/Air  66%        N/A       3%          2
 Curse of Agony           Necr           66%        N/A       3%          5
 Summon Small Mammal      Summ           48%        N/A       11%         1
 Anguish                  Hex/Necr       21%        N/A       12%         4
 Martyr's Knell           Necr/Summ      43%        N/A       12%         4
 Static Discharge         Conj/Air       24%        3-4/arc   16%         2
 Death Channel            Necr           33%        N/A       22%         6
 Inner Flame              Hex/Fire       12%        N/A       30%         3
 Airstrike                Air            6%         2d(1-17)  71%         4
 Ignite Poison            Fire/Alch      12%        N/A       71%         4
 Summon Lightning Spire   Summ/Air       12%        N/A       71%         4
 Irradiate                Conj/Alch      6%         3d13      96%         5
 Iskenderun's Battlesphe  Conj           12%        2d7       96%         5
 Bombard                  Conj/Erth      6%         9d2       100%        6
 Haunt                    Necr/Summ      21%        N/A       100%        7
 Malign Gateway           Summ/Tloc      6%         N/A       100%        7
 Spellforged Servitor     Conj/Summ      6%         N/A       100%        7
 Ignition                 Fire           6%         3d4       100%        8
 Infestation              Necr           33%        N/A       100%        8
 Summon Horrible Things   Summ           6%         N/A       100%        8


Dungeon Overview and Level Annotations

Branches:
Dungeon (10/15)            Temple (1/1) D:4            Lair (0/5) D:8
Ossuary (visited)
    Orc: D:9-12

Altars:
Ashenzari
Cheibriados
Dithmenos
Fedhas
Gozag
Hepliaklqana
Kikubaaqudgha
Makhleb
Nemelex Xobeh
Okawaru
Qazlal
Ru
Sif Muna
Trog
Uskayaw
Vehumet
Wu Jian
Xom
Yredelemnul

Shops:
D:6 [

Annotations:
D:9 Josephine


Innate Abilities, Weirdness & Mutations

You are mostly covered in slimy green scales. (AC +3)
You regenerate magic rapidly.
Spells you cast may paralyse nearby enemies.
You have a tail ending in a sharp stinger.


Message History

You feel drained.
* * * LOW HITPOINT WARNING * * *
The ghostly fireball engulfs Josephine.
Josephine completely resists.
You closely miss Josephine.
Josephine is moderately wounded.
Josephine misses you.
It was a potion of ambrosia.
You are confused.
You feel invigorated. Josephine barely misses you.
It was a potion of curing.
You feel better.
You feel less invigorated. Josephine closely misses you.
It was a potion of attraction.
You feel attractive to monsters. Josephine hits you but does no damage.
A kobold comes into view. It is wielding a +0 club.
The yak bellows!
The kobold shouts!
You hear a bellow!
Josephine hits you but does no damage. The yak is attracted toward you.
The kobold is attracted toward you.
The tengu conjurer is attracted toward you.
The yak is attracted toward you.
The tengu warrior is attracted toward you.
There is a stone staircase leading up here.
Josephine closely misses you. The yak is attracted toward you.
The kobold is attracted toward you.
The tengu conjurer is attracted toward you.
The yak is attracted toward you.
The tengu warrior is attracted toward you.
Something is attracted toward you.
You climb upwards.
There is a stone staircase leading down here.
It was a potion of brilliance.
You feel clever all of a sudden. Josephine barely misses you.
It was a potion of invisibility.
You fade into invisibility!
Josephine casts a spell at you.
The ghostly flame explodes!
The ghostly fireball engulfs you!!
You feel drained.
You die...
Kikubaaqudgha rasps: "You have failed me!
Welcome... death!"

#..........#
#..........#
#..........#
#..........#
#..........#
###.........##
####............#
####...............#
.....##.#.......@..#
#######.#.......@..# #
#..#..........# #
##.###........##
#####..# ##......##
......## ########
####..####
.........#####
.#######.....##########


You could see Josephine (unable to see you).

Vanquished Creatures
  An unseen horror zombie (D:7)
  A vampire (D:9)
  Sigmund (D:3)
  5 wraiths
  18 yaks
  Menkaure (D:7)
  3 water moccasins
  3 orc warriors
  2 ice beasts
  2 sky beasts
  3 centaurs
  3 ogres
  A phantom (D:6)
  A kobold brigand (D:6)
  A bullfrog (D:7)
  A scorpion (D:5)
  4 water moccasin zombies
  A burial acolyte (Ossuary)
  6 wights
  15 killer bees
  3 howler monkeys
  A bombardier beetle (D:5)
  A centaur zombie (D:6)
  3 hounds
  4 orc priests
  5 bullfrog zombies
  2 jellies
  2 gnoll boudas
  2 spectral scorpions (Ossuary)
  An iguana (D:5)
  Jessica (D:2)
  Ijyb (D:4)
  4 orc wizards
  Terence (D:3)
  5 killer bee zombies
  A bullfrog simulacrum (Ossuary)
  2 mummies (Ossuary)
  2 howler monkey zombies
  9 gnolls
  5 adders
  3 shadow imps
  A white imp (D:8)
  2 adder zombies (Ossuary)
  4 dart slugs
  2 ribbon worms (D:2)
  27 orcs
  7 bats
  10 endoplasms
  8 giant cockroaches
  10 hobgoblins
  4 jackals (D:5)
  16 kobolds
  2 quokkas
  3 ball pythons
  6 frilled lizards
  9 gnoll zombies (Ossuary)
  9 goblins
  6 jackal zombies (Ossuary)
  2 orc zombies (Ossuary)
  5 rats
264 creatures vanquished.

Vanquished Creatures (collateral kills)
  A centaur (D:5)
1 creature vanquished.

Grand Total: 265 creatures vanquished

Notes
Turn   | Place    | Note
-------+----------+-------------------------------------------
     0 | D:1      | PaiMei the Demonspawn Necromancer began the quest for the
                  | Orb.
     0 | D:1      | Reached XP level 1. HP: 13/13 MP: 3/3
   190 | D:1      | Gained mutation: You regenerate magic rapidly. [demonic
                  | ancestry]
   190 | D:1      | Reached XP level 2. HP: 9/19 MP: 0/5
   266 | D:1      | Found a faded altar of an unknown god.
   320 | D:1      | Got Plato's Spellbook of Accompaniment
   566 | D:1      | Reached XP level 3. HP: 25/25 MP: 2/6
   570 | D:1      | Learned a level 3 spell: Vampiric Draining
   785 | D:1      | Reached skill level 1 in Fighting
  1250 | D:2      | Reached XP level 4. HP: 16/32 MP: 1/7
  1550 | D:2      | Reached skill level 5 in Necromancy
  1751 | D:2      | Noticed Jessica
  1758 | D:2      | Killed Jessica
  1759 | D:2      | Gained mutation: You are partially covered in slimy green
                  | scales. (AC +2) [demonic ancestry]
  1759 | D:2      | Reached XP level 5. HP: 6/38 MP: 5/9
  2060 | D:3      | Noticed Terence
  2069 | D:3      | Killed Terence
  2491 | D:3      | Noticed Sigmund
  2738 | D:3      | Killed Sigmund
  2739 | D:3      | Gained mutation: Spells you cast may paralyse adjacent
                  | enemies. [demonic ancestry]
  2739 | D:3      | Reached XP level 6. HP: 40/46 MP: 1/11
  3185 | D:4      | Found a staircase to the Ecumenical Temple.
  3205 | Temple   | Entered the Ecumenical Temple
  3223 | Temple   | Became a worshipper of Kikubaaqudgha
  3327 | D:4      | Reached skill level 6 in Necromancy
  3327 | D:4      | Reached XP level 7. HP: 52/52 MP: 3/12
  3723 | D:4      | Noticed Ijyb
  3732 | D:4      | Killed Ijyb
  3932 | D:4      | Found an iron altar of Okawaru.
  4287 | D:5      | Entered Level 5 of the Dungeon
  4599 | D:5      | Found a sand-covered staircase.
  4608 | D:5      | Got the Volume of Nightshade and the Pyromaniac
  4613 | Ossuary  | Entered an ossuary
  4633 | Ossuary  | Reached * piety under Kikubaaqudgha
  4633 | Ossuary  | Received a gift from Kikubaaqudgha
  5569 | Ossuary  | Gained mutation: You are mostly covered in slimy green
                  | scales. (AC +3) [demonic ancestry]
  5569 | Ossuary  | Reached XP level 8. HP: 53/60 MP: 14/14
  5849 | D:5      | Reached skill level 7 in Necromancy
  5861 | D:5      | Reached ** piety under Kikubaaqudgha
  5904 | D:5      | Reached skill level 5 in Spellcasting
  5994 | D:5      | Reached skill level 5 in Dodging
  6482 | D:6      | Reached skill level 5 in Fighting
  6582 | D:6      | Found a basalt altar of Yredelemnul.
  6599 | D:6      | Identified the +0 leather armour of Nedwaq {Will+ Dex+4}
  7012 | D:6      | Found an ornate altar of the Wu Jian Council.
  7174 | D:6      | Found Fyicir's Armour Emporium.
  7248 | D:6      | Gained mutation: You have a small tail. [demonic ancestry]
  7248 | D:6      | Reached XP level 9. HP: 51/68 MP: 17/17
  7253 | D:6      | Learned a level 4 spell: Animate Dead
  7258 | D:6      | Learned a level 4 spell: Dispel Undead
  7261 | D:6      | Learned a level 2 spell: Sublimation of Blood
  7391 | D:7      | Noticed Menkaure
  7492 | D:7      | Reached skill level 8 in Necromancy
  8261 | D:7      | Killed Menkaure
  8446 | D:7      | Reached *** piety under Kikubaaqudgha
  8446 | D:7      | Received a gift from Kikubaaqudgha
  8663 | D:7      | Reached skill level 9 in Necromancy
  9034 | D:8      | Found a staircase to the Lair.
  9050 | D:8      | Gained mutation: Spells you cast may paralyse nearby
                  | enemies. [demonic ancestry]
  9050 | D:8      | Reached XP level 10. HP: 79/79 MP: 9/20
 10441 | D:9      | Reached skill level 10 in Necromancy
 10447 | D:9      | Reached **** piety under Kikubaaqudgha
 10972 | D:10     | Entered Level 10 of the Dungeon
 10980 | D:10     | Noticed Josephine
 11150 | D:10     | Noticed a tengu warrior
 11160 | D:9      | Gained mutation: You have a tail ending in a sharp stinger.
                  | [demonic ancestry]
 11160 | D:9      | Reached XP level 11. HP: 87/87 MP: 18/23
 11454 | D:9      | Killed from afar by Josephine

Illustrated notes

Levels and vault maps discovered:
D:1:      dpeg_arrival_ternary, layout_basic,
          shapermc_ecumenical_altar_rom_forum
D:2:      minmay_chambers_of_twos, layout_basic, corexii_corridor_pit,
          uniq_jessica
D:3:      layout_loops_ring, mainiacjoe_overflow_alcove_2, uniq_terence,
          uniq_sigmund
D:4:      layout_loops_corners, mainiacjoe_overflow_alcove_4,
          minmay_temple_entry_drinking_statues, uniq_ijyb
D:5:      layout_basic, nicolae_ossuary_entry_monument,
          chequers_serial_rivers_small_a, small_statue_intersection
D:6:      layout_rooms, nicolae_wu_jian_wuxing_cycle,
          nicolae_yredelemnul_corpse_copse, serial_shops, kennysheep_mini_moat
D:7:      layout_rooms, serial_undead, serial_undead_c, serial_undead_c,
          serial_undead_d, serial_undead_a, uniq_menkaure
D:8:      layout_rooms, lair_entry_dummy, serial_corexii_hall,
          corexii_hall_statues_deadend, chequers_hall_statues_corner_a
D:9:      layout_rooms, kennysheep_small_spiral
D:10:     layout_cross, serial_glass, glass_columns_a, glass_columns_a,
          serial_park_tiny_1, chequers_arboretum, uniq_josephine
Temple:   regret_index_temple_mists

Skill      XL: |  1  2  3  4  5  6  7  8  9 10 |
---------------+-------------------------------+-----
Stealth        | 2 |  2.0
Dodging        | 2 3 4 5 6 8 |  8.1
Fighting       | 1 2 3 4 5 7 8 |  8.5
Necromancy     | 5 6 7 9 10 | 10.5
Spellcasting   | 3 4 5 6 8 |  8.2

Action                     |  1- 3 |  4- 6 |  7- 9 | 10-12 || total
---------------------------+-------+-------+-------+-------++-------
  Melee: Short sword       |    36 |    23 |   336 |       ||   395
         Punch             |       |       |     7 |     1 ||     8
         Hand axe          |       |       |   126 |    69 ||   195
         Tailslap          |       |       |     9 |    12 ||    21
   Cast: Necrotise         |    75 |    90 |    86 |    40 ||   291
         Vampiric Draining |       |     9 |    80 |    73 ||   162
         Dispel Undead     |       |       |     7 |    11 ||    18
         Animate Dead      |       |       |     1 |       ||     1
  Evoke: Wand              |       |       |     5 |       ||     5
    Use: Scroll            |       |       |       |     7 ||     7
         Potion            |       |       |       |     5 ||     5
   Stab: Paralysed         |       |     5 |     8 |    27 ||    40
 Armour: Robe              |    36 |    30 |    16 |       ||    82
         Leather armour    |       |       |   344 |    62 ||   406
  Dodge: Dodged            |    49 |    44 |   334 |    85 ||   512
